 Dungeon Crawl Stone Soup version 0.20-a0-772-g73021bd (webtiles) character file.

130 M4edhros the Poker (level 4, -3/35 HPs)
             Began as a Mummy Chaos Knight on Feb 27, 2017.
             Slain by a worker ant (5 damage)
             ... on level 4 of the Dungeon.
             The game lasted 00:01:02 (957 turns).

M4edhros the Poker (Mummy Chaos Knight)              Turns: 957, Time: 00:01:03

Health: -3/35      AC:  5    Str: 15    XL:     4   Next: 89%
Magic:  4/4        EV: 11    Int: 11    God:    Xom [..*...]
Gold:   121        SH:  0    Dex: 12    Spells: 3/3 levels left

rFire    x . .     SeeInvis .   a - +0 spear (chaos)
rCold    + . .     Gourm    .   b - +2 leather armour
rNeg     + + +     Faith    .   (no shield)
rPois    ∞         Spirit   .   (no helmet)
rElec    .         Reflect  .   (no cloak)
rCorr    .         Harm     .   (no gloves)
MR       .....                  (no boots)
Stlth    +.........             (no amulet)
Regen    0.2/turn               (no ring)
MPRegen  0.1/turn               (no ring)

@: no status effects
A: no food or potions, fire vulnerability, cold resistance 1, negative energy
resistance 3, torment resistance, unbreathing
a: Renounce Religion


You were on level 4 of the Dungeon.
You worshipped Xom.
You were a toy of Xom.
You were not hungry.

You visited 1 branch of the dungeon, and saw 4 of its levels.

You collected 121 gold pieces.

Inventory:

Hand Weapons
 a - a +0 spear of chaos (weapon)
 g - a +0 trident
Armour
 b - a +2 leather armour (worn)
Scrolls
 c - 3 scrolls of teleportation {unknown}
 d - a scroll of blinking {unknown}
 e - 3 scrolls of remove curse {unknown}
 f - a scroll of enchant armour {unknown}


   Skills:
 - Level 3.0 Fighting
 + Level 4.6 Polearms
 - Level 1.5 Armour
 - Level 0.7 Dodging


You had 3 spell levels left.
You didn't know any spells.

Dungeon Overview and Level Annotations

Branches:
Dungeon (4/15)
 Temple: D:4-7

Altars:


Innate Abilities, Weirdness & Mutations

You do not eat or drink.
Your flesh is vulnerable to fire.
You are immune to poison.
Your flesh is cold resistant. (rC+)
You are immune to negative energy. (rN+++)
You are immune to unholy pain and torment.
You can survive without breathing.


Message History

You hit the worker ant.
The worker ant seems to speed up.
The worker ant is heavily wounded.
The worker ant bites you.
* * * LOW HITPOINT WARNING * * *
Attack whom?
Press: ? - help, Dir - move target cursor, f/p - worker ant
Aim: a worker ant (heavily wounded, fast)
You hit the worker ant.
The worker ant is heavily wounded.
The worker ant bites you but does no damage.
The worker ant barely misses you.
Attack whom?
Press: ? - help, Dir - move target cursor, f/p - worker ant
Aim: a worker ant (heavily wounded, fast)
You barely miss the worker ant.
The worker ant is heavily wounded.
The worker ant bites you.
* * * LOW HITPOINT WARNING * * *
The worker ant bites you.
You die...

########.######..#
#..[..........#..######
#.#######.###.........#
#.# #.# ###.#####...
#.#######.# #.#
#......##.# #.#
######.##.# #.# o #....#
#a# #..### #@### ##..#
#...# ##.#.## #.#.#
##.###.## ....## #.##
##.##..###.. ##.###.###..
#.## #..#.##
#..###.#####.# #.#..#
#.#..........#
#####..#.####.###..#####.#


You could see a worker ant.

Vanquished Creatures
  A howler monkey (D:4)
  An orc priest (D:3)
  A worker ant (D:4)
  2 adders (D:3)
  A worm (D:2)
  2 orcs (D:3)
  A ball python (D:1)
  A bat (D:3)
  A giant cockroach (D:3)
  2 goblins
  6 hobgoblins
  A kobold (D:3)
  A frilled lizard (D:2)
  A rat (D:3)
22 creatures vanquished.

Notes
Turn   | Place    | Note
-------+----------+-------------------------------------------
     0 | D:1      | M4edhros the Mummy Chaos Knight began the quest for the Orb.
     0 | D:1      | Reached XP level 1. HP: 18/18 MP: 1/1
   305 | D:2      | Reached skill level 3 in Polearms
   305 | D:2      | Reached XP level 2. HP: 7/24 MP: 2/2
   486 | D:2      | XOM: cloud trail
   572 | D:3      | XOM: divination: detect items
   650 | D:3      | Reached XP level 3. HP: 29/29 MP: 3/3
   673 | D:3      | XOM: confuse monster(s)
   674 | D:3      | Reached skill level 4 in Polearms
   738 | D:3      | XOM: noise
   745 | D:3      | Reached XP level 4. HP: 25/35 MP: 4/4
   899 | D:4      | XOM: harmless Tloc miscast
   901 | D:4      | XOM: harmless Pois miscast
   940 | D:4      | XOM: divination: detect creatures
   957 | D:4      | Slain by a worker ant

Vault maps used:
D:1:      ncdulo_halloftheorcs
D:2:      kb_forest_paths
D:3:      uniq_sigmund
D:4:      temple_hall, first_bread, uniq_blork_the_orc

Skill      XL: |  1  2  3 |
---------------+----------+-----
Polearms       | 3 4 |  4.6
Fighting       | |  3.0
Armour         | |  1.5
Dodging        | |  0.7

Action                   |  1- 3 |  4- 6 || total
-------------------------+-------+-------++-------
Melee: Spear             |    71 |    27 ||    98
 Stab: Paralysed         |     1 |       ||     1
       Sleeping          |     1 |       ||     1
Armor: Leather armour    |    16 |     8 ||    24
Dodge: Dodged            |    23 |     7 ||    30
